 Dungeon Crawl Stone Soup version 0.27.1 (webtiles) character file.

Game seed: 3012999271011336243

3656 pkoi the Cleaver (level 9, -1/81 HPs)
             Began as a Minotaur Fighter on Aug 25, 2021.
             Was a Believer of Okawaru.
             Slain by Grum (15 damage)
             ... on level 9 of the Dungeon.
             The game lasted 00:08:23 (8935 turns).

pkoi the Cleaver (Minotaur Fighter)                 Turns: 8935, Time: 00:08:24

Health: -1/81      AC: 13    Str: 23 (24) XL:     9   Next: 88%
Magic:  1/11       EV:  8    Int: 10 (11) God:    Okawaru [**....]
Gold:   287        SH:  5    Dex: 14 (16) Spells: 8/8 levels left

rFire    . . .     SeeInvis .   s - +5 battleaxe
rCold    . . .     Faith    .   (shield currently unavailable)
rNeg     . . .     Spirit   .   y - +0 plate armour
rPois    .         Reflect  +   (helmet restricted)
rElec    .         Harm     .   (no cloak)
rCorr    .         Rampage  .   (no gloves)
Will     .....                  (no boots)
Stlth    ..........             t - amulet of reflection
HPRegen  0.23/turn              f - +6 ring of dexterity
MPRegen  0.12/turn              o - +6 ring of intelligence

@: no status effects
A: horns 2, retaliatory headbutt
a: Renounce Religion, Heroism


You were on level 9 of the Dungeon.
You worshipped Okawaru.
Okawaru was pleased with you.
You visited 2 branches of the dungeon, and saw 10 of its levels.

You collected 512 gold pieces.
You spent 225 gold pieces at shops.

Inventory:

Hand Weapons
 a - a +0 war axe
 s - a +5 battleaxe (weapon)
Missiles
 r - 7 boomerangs (quivered)
 z - 7 javelins
Armour
 b - a +0 scale mail
 c - a +1 kite shield
 y - a +0 plate armour (worn)
 A - a +0 pair of boots
Jewellery
 f - a +6 ring of dexterity (left hand)
 o - a +6 ring of intelligence (right hand)
 t - an amulet of reflection (around neck)
Wands
 h - a wand of paralysis (9)
 j - a wand of mindburst (11)
 m - a wand of iceblast (21)
 u - a wand of flame (10)
 v - a wand of digging (6)
Scrolls
 e - 2 scrolls of teleportation
 n - a scroll of identify
 w - a scroll of amnesia
Potions
 d - 4 potions of might
 g - 2 potions of ambrosia
 i - 2 potions of mutation
 k - a potion of lignification
 l - 4 potions of heal wounds
 p - a potion of berserk rage
 q - a potion of invisibility
 x - 2 potions of curing
 D - a potion of haste


   Skills:
 + Level 8.2 Fighting
 * Level 10.7 Axes
 + Level 8.3 Armour
 + Level 3.5 Dodging
 - Level 6.1 Shields
 + Level 4.0 Invocations


You had 8 spell levels left.
You didn't know any spells.
Your spell library contained the following spells:

 Spells                   Type           Power      Damage    Failure   Level
 Corpse Rot               Necr/Air       N/A        N/A       100%        2
 Passwall                 Tmut/Erth      0%         N/A       100%        2
 Poisonous Vapours        Pois/Air       0%         N/A       100%        2
 Borgnjor's Vile Clutch   Necr/Erth      0%         N/A       100%        5
 Freezing Cloud           Conj/Ice/Air   0%         6-21      100%        5
 Polar Vortex             Ice            0%         N/A       100%        9


Dungeon Overview and Level Annotations

Branches:
Dungeon (9/15)             Temple (1/1) D:6
   Lair: D:8-11         Orc: D:9-12

Altars:
Ashenzari
Cheibriados
Dithmenos
Elyvilon
Fedhas
Gozag
Hepliaklqana
Kikubaaqudgha
Makhleb
Nemelex Xobeh
Okawaru
Qazlal
Ru
Sif Muna
Trog
Uskayaw
Vehumet
Wu Jian
Xom
Yredelemnul
Zin
The Shining One

Shops:
D:5 *   D:7 =   D:8 (*=

Annotations:
D:9 Grum


Innate Abilities, Weirdness & Mutations

You have a pair of horns on your head.
You reflexively headbutt those who attack you in melee.


Message History

You are too injured to fight recklessly!
You closely miss the centaur. Your headbutt misses the centaur.
The centaur is almost dead.
The centaur closely misses you. x2
Grum hits you from afar with a -1 antimagic spear.
You feel your power leaking away.
You slice the centaur!!
You kill the centaur!
Okawaru accepts your kill.
Grum hits you from afar with a -1 antimagic spear!
* * * LOW HITPOINT WARNING * * *
You feel your power leaking away.
Your Invocations skill increases to level 4!
A centaur zombie comes into view.
Grum hits you with a -1 antimagic spear!
* * * LOW HITPOINT WARNING * * *
Things that are here:
a +0 shortbow; 13 arrows; a centaur corpse Unknown command.
You slash Grum! Your headbutt misses Grum.
Grum is moderately wounded.
Grum hits you but does no damage.
You slice Grum!! You headbutt Grum, but do no damage.
Grum is almost dead.
Grum lets out an intimidating howl.
Grum hits you with a -1 antimagic spear.
* * * LOW HITPOINT WARNING * * *
Unknown command.
You closely miss Grum.
Grum is almost dead.
Grum hits you with a -1 antimagic spear!
* * * LOW HITPOINT WARNING * * *
Unknown command.
You closely miss Grum.
Grum is almost dead.
You slash the centaur zombie! You block Grum's attack.
The centaur zombie hits you but does no damage.
The centaur zombie barely misses you.
Grum hits you with a -1 antimagic spear!
You die...

.........###.###..
#....###.........#
.........>.#.###.
#....######..# ##.
#.####... ..
#........ .
#.####.$.
....###.#
......Z@#
....###g# .. #h#
#.# #.# #.# #..
###


You could see Grum, a wolf and a centaur zombie.

Vanquished Creatures
  Psyche (D:8)
  3 yaks (D:8)
  Menkaure (D:7)
  2 water moccasins
  2 black bears
  2 orc warriors
  2 sky beasts
  A hornet zombie (D:6)
  2 ice beasts (D:6)
  A wolf (D:9)
  An ogre (D:7)
  2 centaurs
  A phantom (D:4)
  A kobold brigand (D:7)
  3 bullfrogs (D:8)
  2 scorpions
  3 killer bees (D:7)
  3 wights (D:7)
  A centaur zombie (D:5)
  3 hounds
  2 orc priests
  4 jellies
  A centaur skeleton (D:7)
  2 bullfrog skeletons (D:7)
  3 iguanas
  2 orc wizards
  A hound skeleton (D:4)
  3 adders
  4 gnolls (D:5)
  2 shadow imps
  2 ufetubi
  An adder zombie (D:3)
  An adder skeleton (D:4)
  3 worms
  3 dart slugs
  19 orcs
  7 ball pythons
  7 endoplasms
  10 giant cockroaches
  9 goblins
  6 hobgoblins
  8 jackals
  10 kobolds
  4 quokkas
  5 bats
  2 frilled lizards (D:2)
  2 rats (D:3)
160 creatures vanquished.

Vanquished Creatures (collateral kills)
  A centaur skeleton (D:7)
1 creature vanquished.

Grand Total: 161 creatures vanquished

Notes
Turn   | Place    | Note
-------+----------+-------------------------------------------
     0 | D:1      | pkoi the Minotaur Fighter began the quest for the Orb.
     0 | D:1      | Reached XP level 1. HP: 19/19 MP: 0/0
   140 | D:1      | Reached XP level 2. HP: 22/27 MP: 1/1
   231 | D:1      | Found a faded altar of an unknown god.
   283 | D:1      | Reached skill level 3 in Axes
   593 | D:1      | Reached XP level 3. HP: 33/33 MP: 2/2
  1392 | D:2      | Reached XP level 4. HP: 40/40 MP: 3/3
  1622 | D:3      | Reached skill level 4 in Axes
  2009 | D:3      | Noticed a black bear
  2022 | D:3      | Killed a black bear
  2023 | D:3      | Reached XP level 5. HP: 40/47 MP: 4/4
  2247 | D:3      | Reached skill level 5 in Axes
  2877 | D:4      | Got the Catalogue of the Congealing Mountains
  3149 | D:4      | Reached XP level 6. HP: 55/55 MP: 5/5
  3150 | D:4      | Reached skill level 5 in Shields
  3167 | D:4      | Reached skill level 5 in Armour
  3484 | D:5      | Entered Level 5 of the Dungeon
  3489 | D:5      | Reached skill level 5 in Fighting
  3773 | D:5      | Reached skill level 6 in Axes
  3944 | D:5      | Found a stormy altar of Qazlal.
  4056 | D:5      | Reached XP level 7. HP: 53/61 MP: 6/6
  4114 | D:5      | HP: 1/61 [water moccasin (8)]
  4419 | D:5      | Found Wijoca's Serpentskin Sales.
  4760 | D:6      | Reached skill level 7 in Axes
  4902 | D:6      | Reached XP level 8. HP: 60/70 MP: 7/7
  5302 | D:6      | Found a staircase to the Ecumenical Temple.
  5493 | D:6      | Reached skill level 8 in Axes
  5553 | Temple   | Entered the Ecumenical Temple
  5722 | Temple   | Became a worshipper of Warmaster Okawaru
  5837 | D:7      | Noticed Menkaure
  6015 | D:7      | Killed Menkaure
  6060 | D:7      | Reached skill level 1 in Invocations
  6409 | D:7      | Reached skill level 9 in Axes
  6443 | D:7      | Reached * piety under Okawaru
  6830 | D:7      | Reached XP level 9. HP: 39/79 MP: 9/9
  7114 | D:7      | Found Zablemew's Jewellery Shoppe.
  7251 | D:7      | Reached skill level 1 in Dodging
  7648 | D:8      | Reached skill level 10 in Axes
  7710 | D:8      | Reached ** piety under Okawaru
  7922 | D:8      | Found Bepnum's Jewellery Shop.
  7994 | D:8      | Found Lahixo's Weapon Shoppe.
  8045 | D:8      | Noticed Psyche
  8070 | D:8      | Killed Psyche
  8409 | D:8      | Found Furuiqulo's General Store.
  8413 | D:8      | Bought a potion of heal wounds for 75 gold pieces
  8413 | D:8      | Bought a potion of haste for 150 gold pieces
  8921 | D:9      | Noticed Grum
  8935 | D:9      | Slain by Grum

Illustrated notes

Levels and vault maps discovered:
D:1:      pf_arrival_petrified_forest, layout_loops_ring,
          basic_ecumenical_altar, minivault_4
D:2:      layout_loops_ring
D:3:      minmay_roachtagon, layout_loops_corners, minmay_circle_x
D:4:      layout_loops_cross
D:5:      layout_loops_ring, grunt_qazlal_clouds, guppyfry_shop_venom
D:6:      layout_basic, minmay_temple_entry_hall
D:7:      layout_basic, serial_shops, nicolae_inconvenience_store,
          corexii_mini_fake_secret_closet, uniq_menkaure
D:8:      layout_loops_ring, serial_shops, nicolae_take_the_stairs, shop, shop,
          uniq_psyche
D:9:      layout_loops_ring, dpeg_lair_monsters, uniq_grum
Temple:   kilobyte_greek_temple

Skill      XL: |  1  2  3  4  5  6  7  8  9 |
---------------+----------------------------+-----
Axes           | 3 4 5 6 7 9 10 | 10.7
Armour         | 4 5 6 7 8 |  8.3
Shields        | 4 5 6 |  6.1
Fighting       | 4 5 6 7 8 |  8.2
Invocations    | 2 4 |  4.0
Dodging        | 3 |  3.5

Action                   |  1- 3 |  4- 6 |  7- 9 || total
-------------------------+-------+-------+-------++-------
Melee: War axe           |    86 |   111 |   120 ||   317
       Headbutt          |    12 |    20 |    57 ||    89
       Battleaxe         |       |       |    85 ||    85
       Unarmed           |       |       |    10 ||    10
  Use: Scroll            |     3 |     5 |     7 ||    15
       Potion            |       |     4 |     4 ||     8
Armor: Scale mail        |    44 |    42 |    27 ||   113
       Plate armour      |       |       |    71 ||    71
       Skin              |       |       |     5 ||     5
Dodge: Dodged            |    36 |    48 |    75 ||   159
Block: Kite shield       |    60 |    64 |    79 ||   203
       Other             |       |       |     8 ||     8
